[Event "December 5 Early 2023"]
[Site "https://www.chess.com"]
[Date "2023.12.05"]
[Round "4"]
[White "Shubhi Gupta"]
[Black "Dobre, Claudiu-Cristian"]
[Result "1/2-1/2"]
[Board "174"]
[TimeControl "180+1"]
[WhiteFideId "25195425"]
[BlackFideId "1211854"]
[WhiteElo "2292"]
[BlackElo "2486"]
[WhiteTeam "IND"]
[BlackTeam "ROU"]
[WhiteClock "0:00:34"]
[BlackClock "0:00:08"]

1. d4 d5 2. Nf3 Nf6 3. e3 Bg4 4. h3 Bxf3 5. Qxf3 e6 6. c4 c6 7. Nc3 Nbd7 8. Be2 Bb4 9. O-O O-O 10. Bd2 Ne4 11. Rfd1 Nxd2 12. Rxd2 f5 13. cxd5 cxd5 14. a3 Bxc3 15. bxc3 Nb6 16. c4 dxc4 17. Qxb7 Rf7 18. Qc6 Qd5 19. Bf3 Qxc6 20. Bxc6 Rc8 21. d5 exd5 22. Bxd5 Nxd5 23. Rxd5 c3 24. Rc1 g6 25. Kf1 Rb7 26. Ke1 Kf7 27. Rc2 Rc4 28. Rd4 Rxd4 29. exd4 Rb3 30. a4 Ke6 31. Ke2 Kd5 32. Kd3 Rb4 33. Rxc3 Rxd4+ 34. Ke3 Rxa4 35. Rc7 h5 36. Rg7 Ra6 37. Kf4 Ra2 38. Kg3 a5 39. Rxg6 Ke5 40. f4+ Kd4 41. Ra6 Ra3+ 42. Kh4 Ke4 43. g3 Kf3 44. Kxh5 Kxg3 45. Kg5 Kxh3 46. Kxf5 Kg3 47. Kg5 a4 48. f5 1/2-1/2

[Event "December 5 Early 2023"]
[Site "https://www.chess.com"]
[Date "2023.12.05"]
[Round "4"]
[White "Kovalevsky, Stanislav"]
[Black "Sarkar, Justin"]
[Result "1-0"]
[Board "175"]
[TimeControl "180+1"]
[WhiteFideId "13508598"]
[BlackFideId "2010011"]
[WhiteElo "2486"]
[BlackElo "2291"]
[WhiteTeam "FID"]
[BlackTeam "USA"]
[WhiteClock "0:01:45"]
[BlackClock "0:00:05"]

1. e4 c5 2. c3 d5 3. exd5 Qxd5 4. Nf3 Bg4 5. d4 Bxf3 6. gxf3 cxd4 7. cxd4 Nc6 8. Be3 e5 9. Nc3 Bb4 10. dxe5 Qxe5 11. Qb3 Nge7 12. O-O-O O-O 13. Rg1 Rac8 14. Kb1 Nf5 15. f4 Qb8 16. Nd5 Bd6 17. Qd3 Nxe3 18. Nf6+ Kh8 19. Qxh7# 1-0

[Event "December 5 Early 2023"]
[Site "https://www.chess.com"]
[Date "2023.12.05"]
[Round "4"]
[White "Filali, Razzouki Marouane"]
[Black "Vifleemskaia, Svetlana"]
[Result "1-0"]
[Board "176"]
[TimeControl "180+1"]
[WhiteFideId "9003720"]
[BlackFideId "4129490"]
[WhiteElo "2483"]
[BlackElo "2265"]
[WhiteTeam "MAR"]
[BlackTeam "RUS"]
[WhiteClock "0:00:10"]
[BlackClock "0:00:00"]

1. e4 e5 2. Nf3 Nc6 3. Bc4 Nf6 4. Ng5 d5 5. exd5 Na5 6. Bb5+ c6 7. dxc6 bxc6 8. Qf3 Be7 9. Bd3 h6 10. Ne4 Nd5 11. Ng3 O-O 12. O-O g6 13. c3 f5 14. b4 e4 15. Nxe4 fxe4 16. Qxe4 Bf5 17. Qe2 Nb7 18. Bxf5 Rxf5 19. Qe6+ Kg7 20. Qxc6 Nd6 21. Bb2 Rc8 22. Qa6 Nf4 23. c4+ Bf6 24. Bxf6+ Qxf6 25. c5 Ne2+ 26. Qxe2 Qxa1 27. Nc3 Qb2 28. Rb1 Qc2 29. g4 Rf7 30. Qe5+ Kh7 31. Qxd6 Re8 32. Rf1 1-0

[Event "December 5 Early 2023"]
[Site "https://www.chess.com"]
[Date "2023.12.05"]
[Round "4"]
[White "Grochal, Joey"]
[Black "De Souza, Cristiano Gomes"]
[Result "1/2-1/2"]
[Board "177"]
[TimeControl "180+1"]
[WhiteFideId "1019945"]
[BlackFideId "2151758"]
[WhiteElo "2483"]
[BlackElo "2263"]
[WhiteTeam "NED"]
[BlackTeam "BRA"]
[WhiteClock "0:00:35"]
[BlackClock "0:01:04"]

1. e4 c5 2. Nf3 d6 3. d4 cxd4 4. Nxd4 Nf6 5. Nc3 g6 6. Be3 Bg7 7. f3 O-O 8. Qd2 Nc6 9. Bc4 Bd7 10. O-O-O Rc8 11. Bb3 Ne5 12. h4 h5 13. Bg5 Qa5 14. Kb1 Rfe8 15. g4 hxg4 16. h5 Nxh5 17. f4 Nc4 18. Bxc4 Rxc4 19. Nb3 Bxc3 20. Nxa5 Bxd2 21. Nxc4 Bxf4 22. Rxh5 gxh5 23. Bxf4 Bc6 24. e5 h4 25. exd6 exd6 26. Nxd6 Re2 27. Nf5 g3 28. Nxh4 g2 29. Nxg2 Rxg2 30. b3 Be4 31. Rd8+ Kh7 32. Rc8 Kg6 33. a4 Kf5 34. Bd6 Kg4 35. Kc1 f5 36. Kd1 f4 37. Rg8+ Kf3 38. Rxg2 Kxg2 39. Bxf4 a6 40. Kd2 Kf3 41. Bc7 Bc6 42. Kd3 Kg4 43. Kd4 Kf5 44. Kc5 Ke4 45. Bd8 Ke3 46. Bg5+ Ke4 47. c4 Kd3 48. Kb4 Kd4 49. Bf6+ Kd3 50. Bg7 Ke4 51. a5 Kf5 52. Kc5 Ke6 53. b4 Kd7 54. Kb6 Kc8 55. Be5 Bg2 56. Bg3 Bh1 57. b5 axb5 58. cxb5 Bg2 59. Ka7 Bf1 60. a6 bxa6 61. b6 Bg2 62. Kxa6 Bb7+ 63. Ka7 Bf3 64. b7+ Bxb7 1/2-1/2

[Event "December 5 Early 2023"]
[Site "https://www.chess.com"]
[Date "2023.12.05"]
[Round "4"]
[White "Clawitter, Craig"]
[Black "Narva, Mai"]
[Result "0-1"]
[Board "178"]
[TimeControl "180+1"]
[WhiteFideId "2023105"]
[BlackFideId "4500512"]
[WhiteElo "2260"]
[BlackElo "2481"]
[WhiteTeam "USA"]
[BlackTeam "EST"]
[WhiteClock "0:00:00"]
[BlackClock "0:00:11"]

1. e4 c5 2. Nf3 Nc6 3. d4 cxd4 4. Nxd4 Nf6 5. Nc3 e5 6. Ndb5 d6 7. Bg5 a6 8. Na3 b5 9. Bxf6 gxf6 10. Nd5 f5 11. Bd3 Be6 12. O-O Bxd5 13. exd5 Ne7 14. c3 Bg7 15. Re1 O-O 16. Qh5 e4 17. Bf1 Qd7 18. Rad1 Rac8 19. Nc2 Rc5 20. Nd4 Rxd5 21. a4 f4 22. Qe2 Re5 23. axb5 axb5 24. Nxb5 d5 25. c4 Qf5 26. cxd5 f3 27. Qc2 Nxd5 28. Nd6 Qg6 29. Nxe4 fxg2 30. Bxg2 Nf4 31. f3 Rfe8 32. Qd2 Bh6 33. Kh1 f5 0-1

[Event "December 5 Early 2023"]
[Site "https://www.chess.com"]
[Date "2023.12.05"]
[Round "4"]
[White "Lehtosaari, Mauri"]
[Black "Deveci, Huseyin Said"]
[Result "1-0"]
[Board "179"]
[TimeControl "180+1"]
[WhiteFideId "501999"]
[BlackFideId "26322455"]
[WhiteElo "2480"]
[BlackElo "2254"]
[WhiteTeam "FIN"]
[BlackTeam "TUR"]
[WhiteClock "0:00:18"]
[BlackClock "0:00:27"]

1. d4 d5 2. c4 c6 3. Nc3 Nf6 4. cxd5 cxd5 5. Bf4 Nc6 6. e3 Bf5 7. Nf3 e6 8. Qb3 Bb4 9. Bb5 O-O 10. O-O Bxc3 11. Qxc3 Rc8 12. Qa3 a6 13. Bxc6 Rxc6 14. Rac1 Qb6 15. Ne5 Rcc8 16. f3 h6 17. Bg3 Qb5 18. Bh4 g5 19. Bf2 Nd7 20. Bg3 Nxe5 21. Bxe5 Qe2 22. Rfe1 Rxc1 23. Rxc1 Bd3 24. Kh1 Qxe3 25. Rd1 Rc8 26. h4 Rc1 27. Rxc1 Qxc1+ 28. Kh2 Bb5 29. Qe7 gxh4 30. Qd8+ Kh7 31. Qh8+ Kg6 32. Qg7+ Kh5 33. Qg4# 1-0

[Event "December 5 Early 2023"]
[Site "https://www.chess.com"]
[Date "2023.12.05"]
[Round "4"]
[White "Joel Paul Ganta"]
[Black "Pourkashiyan, Atousa"]
[Result "0-1"]
[Board "180"]
[TimeControl "180+1"]
[WhiteFideId "35066145"]
[BlackFideId "12502014"]
[WhiteElo "2253"]
[BlackElo "2478"]
[WhiteTeam "IND"]
[BlackTeam "USA"]
[WhiteClock "0:00:03"]
[BlackClock "0:00:43"]

1. e4 c5 2. Nf3 e6 3. d4 cxd4 4. Nxd4 a6 5. c4 Nf6 6. Nc3 Qc7 7. Bd3 Bb4 8. O-O b6 9. Bg5 Bxc3 10. bxc3 Bb7 11. Qe2 Nc6 12. Nc2 Ne5 13. f4 Nxd3 14. Qxd3 Nxe4 15. Rae1 Qc5+ 16. Nd4 Nxg5 17. Re5 Qc7 18. Rxg5 g6 19. f5 gxf5 20. Rg7 Kf8 21. Rg3 Rc8 22. Qe3 Qxc4 23. Qh6+ Ke7 24. Nxf5+ exf5 25. Qg5+ Kd6 26. Rd1+ Kc7 27. Qf4+ Qxf4 0-1

[Event "December 5 Early 2023"]
[Site "https://www.chess.com"]
[Date "2023.12.05"]
[Round "4"]
[White "Iljin, Timofey"]
[Black "Dyulgerov, Volen"]
[Result "0-1"]
[Board "181"]
[TimeControl "180+1"]
[WhiteFideId "14110180"]
[BlackFideId "2918978"]
[WhiteElo "2478"]
[BlackElo "2242"]
[WhiteTeam "UKR"]
[BlackTeam "BUL"]
[WhiteClock "0:00:03"]
[BlackClock "0:00:08"]

1. e4 c5 2. c3 d5 3. exd5 e6 4. d4 exd5 5. Nf3 Nf6 6. Bd3 Bd6 7. O-O O-O 8. dxc5 Bxc5 9. h3 Nc6 10. Bc2 Re8 11. Bg5 h6 12. Bh4 g5 13. Bg3 Ne4 14. Bh2 g4 15. Nd4 Qg5 16. hxg4 Bxg4 17. Qd3 Bxd4 18. cxd4 Nb4 19. Qb3 Nxc2 20. Qxc2 Bf3 21. Bg3 Nxg3 22. gxf3 Ne2+ 23. Kh1 Qh4+ 24. Kg2 Nf4+ 25. Kg1 Qg5+ 26. Kh2 Qg2# 0-1

[Event "December 5 Early 2023"]
[Site "https://www.chess.com"]
[Date "2023.12.05"]
[Round "4"]
[White "Buksa, Nataliya"]
[Black "Player, Edmund C"]
[Result "1-0"]
[Board "182"]
[TimeControl "180+1"]
[WhiteFideId "14123622"]
[BlackFideId "406520"]
[WhiteElo "2477"]
[BlackElo "2228"]
[WhiteTeam "UKR"]
[BlackTeam "ENG"]
[WhiteClock "0:00:41"]
[BlackClock "0:00:00"]

1. d4 Nf6 2. Nc3 d5 3. Bf4 a6 4. e3 c5 5. Nf3 Nc6 6. Ne5 cxd4 7. exd4 Qb6 8. Nxc6 Qxc6 9. Be2 Bf5 10. O-O e6 11. Bd3 Bg6 12. Ne2 Be4 13. c3 Bd6 14. f3 Bg6 15. Re1 O-O 16. Bxg6 hxg6 17. Qd2 b5 18. Bxd6 Qxd6 19. Nf4 a5 20. a3 Rab8 21. Nd3 Nd7 22. b4 Nb6 23. Ne5 Nc4 24. Nxc4 dxc4 25. Re5 f6 26. Re2 Kf7 27. Rae1 Rh8 28. g3 axb4 29. axb4 Rhe8 30. Qe3 Ra8 31. Qe4 Qd5 32. Qf4 g5 33. Qg4 Ra3 34. Re3 Re7 35. R1e2 Ra1+ 36. Kg2 Kf8 37. Qh5 Ra3 38. h4 Qf5 39. hxg5 Qxg5 40. Qxg5 fxg5 41. Rc2 Kf7 42. Re5 Rb7 43. Kh3 Kf6 44. Kg4 Ra1 45. Rxg5 Rf1 46. Re5 1-0

[Event "December 5 Early 2023"]
[Site "https://www.chess.com"]
[Date "2023.12.05"]
[Round "4"]
[White "Kazakov, Mikhail"]
[Black "Mishra, Manoj"]
[Result "0-1"]
[Board "183"]
[TimeControl "180+1"]
[WhiteFideId "14102749"]
[BlackFideId "5006007"]
[WhiteElo "2471"]
[BlackElo "2220"]
[WhiteTeam "UKR"]
[BlackTeam "IND"]
[WhiteClock "0:00:00"]
[BlackClock "0:01:29"]

1. Nf3 Nf6 2. g3 b5 3. Bg2 Bb7 4. O-O c5 5. a4 b4 6. d4 c4 7. c3 a5 8. Nbd2 d5 9. Ne5 Qc8 10. Re1 Nbd7 11. Nxd7 Qxd7 0-1

[Event "December 5 Early 2023"]
[Site "https://www.chess.com"]
[Date "2023.12.05"]
[Round "4"]
[White "Chemin, Justo Reinaldo"]
[Black "Tabuenca Mendataurigoitia, Daniel"]
[Result "0-1"]
[Board "184"]
[TimeControl "180+1"]
[WhiteFideId "2101580"]
[BlackFideId "24563617"]
[WhiteElo "2219"]
[BlackElo "2470"]
[WhiteTeam "BRA"]
[BlackTeam "ESP"]
[WhiteClock "0:00:00"]
[BlackClock "0:00:36"]

1. d4 d6 2. e4 Nf6 3. Nc3 e5 4. Nf3 exd4 5. Nxd4 Be7 6. h3 O-O 7. Be3 Re8 8. Bd3 Nbd7 9. O-O Bf8 10. Bg5 h6 11. Bh4 Ne5 12. f4 Ng6 13. Bg3 c6 14. Nf5 Bxf5 15. exf5 Ne7 16. Kh2 Qd7 17. Ne4 Nxe4 18. Bxe4 Nxf5 19. Bxf5 Qxf5 20. c3 d5 21. Qb3 b6 22. Rae1 Bd6 23. Qa4 Qd7 24. Qd4 f5 25. Qd3 Re4 26. Rxe4 fxe4 27. Qe2 Rf8 28. Qh5 Qf5 29. Qg4 h5 30. Qxf5 Rxf5 31. h4 g6 32. Kg1 Bc5+ 33. Kh2 Kf7 34. Be1 Ke6 35. g3 Rf8 36. Kg2 Kf5 37. Bf2 Bxf2 38. Kxf2 c5 39. Rd1 Rd8 40. Ke3 a6 41. b3 a5 42. a4 Kg4 43. c4 d4+ 44. Kxe4 Re8+ 45. Kd5 Kxg3 46. Kc6 Re6+ 47. Kd7 Rf6 48. Ke7 Rxf4 49. Rg1+ Kf2 50. Rxg6 d3 51. Rxb6 d2 52. Rd6 Rd4 53. Rf6+ Kg2 54. Rg6+ Kh2 55. Rg5 d1=Q 56. Rxc5 Rd7+ 0-1

[Event "December 5 Early 2023"]
[Site "https://www.chess.com"]
[Date "2023.12.05"]
[Round "4"]
[White "Cagara, Paulina"]
[Black "Shevchuk, Olexandr"]
[Result "1-0"]
[Board "185"]
[TimeControl "180+1"]
[WhiteFideId "1124870"]
[BlackFideId "14113775"]
[WhiteElo "2210"]
[BlackElo "2467"]
[WhiteTeam "POL"]
[BlackTeam "UKR"]
[WhiteClock "0:00:19"]
[BlackClock "0:00:15"]

1. e4 e6 2. d4 d5 3. Nc3 Bb4 4. exd5 exd5 5. Bd3 Ne7 6. Qh5 Nbc6 7. Ne2 Be6 8. O-O Qd7 9. a3 Bxc3 10. bxc3 Bf5 11. f3 Bxd3 12. cxd3 Qf5 13. Qxf5 Nxf5 14. g4 Nfe7 15. Rb1 O-O-O 16. Ng3 Rde8 17. Re1 f5 18. Bg5 fxg4 19. fxg4 Rhf8 20. Kg2 h6 21. Bxe7 Nxe7 22. Re6 Kd7 23. Rbe1 Ng8 24. R6e5 c6 25. Nh5 g6 26. Rxe8 Rxe8 27. Rxe8 Kxe8 28. Nf4 Kf7 29. Kf3 Nf6 30. h3 Ne8 31. c4 Nd6 32. cxd5 g5 33. Ne6 cxd5 34. Nc7 a6 35. Nxd5 Nb5 36. Ke4 Nxa3 37. Nc7 Nb5 38. Nd5 a5 39. Nb6 Ke6 40. d5+ Ke7 41. Ke5 Nd6 42. d4 Ne8 43. Nc4 a4 44. d6+ Kd8 45. Ke6 a3 46. Nxa3 Ng7+ 47. Kd5 Ne8 48. Nc4 b5 49. Ne5 b4 50. Nc6+ Kd7 51. Nxb4 Nxd6 52. Nd3 Nb5 53. Ke5 Nc3 54. Kf5 Ne2 55. d5 Nf4 56. Nxf4 gxf4 57. Kxf4 Kd6 58. Kf5 Kxd5 59. Kg6 h5 60. Kxh5 1-0

[Event "December 5 Early 2023"]
[Site "https://www.chess.com"]
[Date "2023.12.05"]
[Round "4"]
[White "Golubenko, Valentina"]
[Black "Berezin, Viktor"]
[Result "1-0"]
[Board "186"]
[TimeControl "180+1"]
[WhiteFideId "4501993"]
[BlackFideId "14107872"]
[WhiteElo "2203"]
[BlackElo "2450"]
[WhiteTeam "CRO"]
[BlackTeam "UKR"]
[WhiteClock "0:01:17"]
[BlackClock "0:00:48"]

1. e4 c6 2. Nf3 d5 3. e5 Bg4 4. d4 e6 5. Bd3 c5 6. c3 Nc6 7. O-O Nge7 8. Be3 Nf5 9. Bxf5 Bxf5 10. dxc5 Qc7 11. b4 Nxe5 12. Nxe5 Qxe5 13. Qa4+ Kd8 14. Nd2 Be7 15. c6 b6 16. Bxb6+ Ke8 17. c7+ Kf8 18. Qd7 Qxc3 19. Bc5 e5 20. Qd8+ 1-0

[Event "December 5 Early 2023"]
[Site "https://www.chess.com"]
[Date "2023.12.05"]
[Round "4"]
[White "Yurasova, Daria"]
[Black "Osmonbekov, Talaibek"]
[Result "1-0"]
[Board "187"]
[TimeControl "180+1"]
[WhiteFideId "34146919"]
[BlackFideId "2017253"]
[WhiteElo "2449"]
[BlackElo "2199"]
[WhiteTeam "RUS"]
[BlackTeam "USA"]
[WhiteClock "0:00:39"]
[BlackClock "0:00:00"]

1. d4 e6 2. e4 d5 3. Bd3 dxe4 4. Bxe4 Nf6 5. Bf3 c5 6. c3 Nc6 7. Ne2 cxd4 8. cxd4 Bb4+ 9. Bd2 O-O 10. O-O Bxd2 11. Qxd2 Ne7 12. Nbc3 Ned5 13. Nxd5 Nxd5 14. Nc3 b6 15. Nxd5 exd5 16. Rac1 Be6 17. Rc3 Qd7 18. Rfc1 Rac8 19. Qc2 Bf5 20. Qb3 Rxc3 21. Qxc3 h6 22. Qc7 Qa4 23. Qe5 Be6 24. Bxd5 Bxd5 25. Qxd5 Re8 26. h3 Qb4 27. Rc7 Qe1+ 28. Kh2 Qxf2 29. Qd6 a5 30. Qg3 Qxd4 31. Rc2 Qe5 32. Qxe5 Rxe5 33. Kg3 g5 34. Kf3 Kg7 35. g4 f5 36. gxf5 Rxf5+ 37. Kg3 h5 38. Rc6 1-0

[Event "December 5 Early 2023"]
[Site "https://www.chess.com"]
[Date "2023.12.05"]
[Round "4"]
[White "Dimitrijevic, Darko"]
[Black "Miszler, Levente"]
[Result "1-0"]
[Board "188"]
[TimeControl "180+1"]
[WhiteFideId "14500892"]
[BlackFideId "763276"]
[WhiteElo "2183"]
[BlackElo "2448"]
[WhiteTeam "CRO"]
[BlackTeam "HUN"]
[WhiteClock "0:00:12"]
[BlackClock "0:00:29"]

1. g3 Nf6 2. Bg2 d5 3. b3 Bf5 4. Bb2 e6 5. d3 c5 6. Nd2 Nc6 7. e4 Bg6 8. e5 Nd7 9. f4 f6 10. exf6 Nxf6 11. Ngf3 Bd6 12. O-O O-O 13. Qe2 Re8 14. Ne5 Qc7 15. Rfe1 Bxe5 16. fxe5 Nd7 17. Nf3 Rf8 18. Bh3 Bh5 19. Bxe6+ Kh8 20. g4 Bg6 21. Bxd5 Rae8 22. e6 Nf6 23. c4 Nxd5 24. cxd5 Nb4 25. Ne5 Qd6 26. Nxg6+ hxg6 27. Rf1 Qxd5 28. e7 Rg8 29. Rad1 Qg5 30. Rf7 Nd5 31. Qe5 Qxe5 32. Bxe5 Rxe7 33. Rxe7 Nxe7 34. Bd6 Nc6 35. Bxc5 Rd8 36. h3 Kg8 37. Kf2 Kf7 38. Ke3 Ke6 39. Rf1 b6 40. Ba3 Ne5 41. d4 Nc6 42. Rd1 Kd5 43. Kd3 Rf8 44. Re1 Rf3+ 45. Re3 Rf2 46. Re2 Rf3+ 47. Re3 Rf2 48. Re2 Rxe2 49. Kxe2 Kxd4 50. Bf8 Kc3 51. Bxg7+ Kc2 52. h4 Kb1 53. h5 gxh5 54. gxh5 Kxa2 55. h6 Nd8 56. h7 Nf7 57. Kf3 Kxb3 58. Kf4 a5 59. Kf5 a4 60. Kg6 Nh8+ 61. Bxh8 a3 62. Be5 b5 63. h8=Q b4 64. Qh3+ Ka2 65. Qg2+ Kb3 66. Qf3+ Ka2 67. Qe2+ Kb3 68. Qd3+ Ka2 69. Qc2# 1-0

[Event "December 5 Early 2023"]
[Site "https://www.chess.com"]
[Date "2023.12.05"]
[Round "4"]
[White "Eilers, Stefan"]
[Black "Wieczorek, Zbigniew"]
[Result "0-1"]
[Board "189"]
[TimeControl "180+1"]
[WhiteFideId "4609565"]
[BlackFideId "1102001"]
[WhiteElo "2445"]
[BlackElo "2196"]
[WhiteTeam "GER"]
[BlackTeam "POL"]
[WhiteClock "0:02:47"]
[BlackClock "0:02:02"]

1. d4 d5 2. Nc3 e6 3. Bf4 Bd6 4. e3 Nf6 5. Qf3 O-O 6. Bd3 Nc6 7. O-O-O e5 8. dxe5 Nxe5 9. Bxe5 Bxe5 10. Nge2 Bg4 0-1

[Event "December 5 Early 2023"]
[Site "https://www.chess.com"]
[Date "2023.12.05"]
[Round "4"]
[White "Vila Dupla, Aurelio"]
[Black "Topalov, Aleksandar"]
[Result "1-0"]
[Board "190"]
[TimeControl "180+1"]
[WhiteFideId "2203383"]
[BlackFideId "925659"]
[WhiteElo "2183"]
[BlackElo "2443"]
[WhiteTeam "ESP"]
[BlackTeam "SRB"]
[WhiteClock "0:01:43"]
[BlackClock "0:02:03"]

1. Nf3 Nf6 2. d4 g6 3. g3 Bg7 4. Bg2 O-O 5. O-O c5 6. c4 Na6 7. b3 d6 8. Bb2 Rb8 9. Nc3 cxd4 10. Nxd4 Nc5 11. h3 Bd7 12. Qd2 a6 13. e3 b5 14. cxb5 axb5 15. b4 Ne6 16. Nd5 Nxd5 17. Bxd5 Nxd4 18. Bxd4 Bxd4 19. Qxd4 Bxh3 20. Rfc1 Bd7 21. Qa7 e6 22. Bb7 Bc8 23. Qxb8 1-0

[Event "December 5 Early 2023"]
[Site "https://www.chess.com"]
[Date "2023.12.05"]
[Round "4"]
[White "Michalski, Olaf"]
[Black "Liu, Casper"]
[Result "0-1"]
[Board "191"]
[TimeControl "180+1"]
[WhiteFideId "1106740"]
[BlackFideId "1454153"]
[WhiteElo "2182"]
[BlackElo "2439"]
[WhiteTeam "POL"]
[BlackTeam "DEN"]
[WhiteClock "0:00:00"]
[BlackClock "0:01:18"]

1. d4 Nf6 2. c4 g6 3. Nc3 Bg7 4. e4 O-O 5. Nf3 d6 6. Be2 Bg4 7. O-O Nc6 8. d5 Bxf3 9. Bxf3 Ne5 10. Be2 e6 11. f4 Ned7 12. dxe6 fxe6 13. Be3 Kh8 14. Qd2 Qe7 15. Rad1 a6 16. Bf3 Rf7 17. b4 e5 18. f5 gxf5 19. exf5 e4 20. Be2 Ne5 21. Nd5 Nxd5 22. Qxd5 Qh4 23. Rf4 Qf6 24. Rxe4 Qxf5 25. Rf1 Qd7 26. Rxf7 Qxf7 27. Qxf7 Nxf7 28. Re7 Kg8 29. Rxc7 Re8 30. Kf2 Ne5 31. Rxb7 Rf8+ 32. Bf3 Re8 33. Bd5+ Kh8 34. h3 Nd3+ 35. Kf3 Ne1+ 36. Kf2 Nd3+ 37. Ke2 Nc1+ 38. Kd2 Nxa2 39. Bf4 Bc3+ 40. Kd3 Bxb4 41. Be3 Bc3 0-1

[Event "December 5 Early 2023"]
[Site "https://www.chess.com"]
[Date "2023.12.05"]
[Round "4"]
[White "Travadon, Loic"]
[Black "Filipovic, Slobodan J"]
[Result "0-1"]
[Board "192"]
[TimeControl "180+1"]
[WhiteFideId "26092131"]
[BlackFideId "939633"]
[WhiteElo "2164"]
[BlackElo "2438"]
[WhiteTeam "FRA"]
[BlackTeam "SRB"]
[WhiteClock "0:00:48"]
[BlackClock "0:00:30"]

1. e4 c5 2. Nf3 Nc6 3. Nc3 Nf6 4. Bb5 Qc7 5. O-O e6 6. Re1 d6 7. d4 cxd4 8. Nxd4 Bd7 9. f4 Be7 10. Bxc6 Bxc6 11. e5 dxe5 12. fxe5 Nd7 13. Nxc6 Qxc6 14. Kh1 Nc5 15. Bf4 O-O 16. Qe2 Rac8 17. Rac1 Na4 18. Ne4 Nxb2 19. Qg4 Kh8 20. Re3 f5 21. exf6 Bxf6 22. Nxf6 Rxf6 23. Be5 Rg6 24. Qh3 Nc4 25. Rc3 b5 26. Rf1 Qe4 27. Rcf3 h6 28. Ba1 Kh7 29. Rf7 Ne3 30. Re1 Qxg2+ 31. Qxg2 Nxg2 32. Rg1 Rxc2 33. Rxg7+ Rxg7 34. Bxg7 Kxg7 35. Rxg2+ Rxg2 36. Kxg2 a5 0-1

[Event "December 5 Early 2023"]
[Site "https://www.chess.com"]
[Date "2023.12.05"]
[Round "4"]
[White "Ghosh, Chanchal Kumer"]
[Black "Muetsch, Annmarie"]
[Result "0-1"]
[Board "193"]
[TimeControl "180+1"]
[WhiteFideId "10201858"]
[BlackFideId "12971367"]
[WhiteElo "2069"]
[BlackElo "2437"]
[WhiteTeam "BAN"]
[BlackTeam "GER"]
[WhiteClock "0:00:02"]
[BlackClock "0:00:02"]

1. e4 c6 2. Nf3 d5 3. Nc3 dxe4 4. Nxe4 Nf6 5. Ng3 e6 6. h3 Bd6 7. Ne2 O-O 8. d4 c5 9. c3 Nc6 10. Bg5 h6 11. Bh4 cxd4 12. Nexd4 Ne5 13. Be2 Ng6 14. O-O Nxh4 15. Nxh4 Nd5 16. Nhf3 Qf6 17. Bd3 Nf4 18. Be4 a6 19. Ne2 Bc7 20. Nxf4 Qxf4 21. Qe2 Bd7 22. Bxb7 Ra7 23. Be4 f5 24. Bd3 Kh8 25. g3 Qd6 26. Rad1 Qc5 27. Nh4 Kh7 28. Kh2 e5 29. Bc2 Be6 30. b3 Rf6 31. Rd2 e4 32. c4 Be5 33. Rfd1 Raf7 34. Rd8 f4 35. Bxe4+ g6 36. Bd5 fxg3+ 37. fxg3 Rf2+ 38. Qxf2 Rxf2+ 39. Kh1 Bxd5+ 40. R8xd5 Qe3 41. Ng2 Qxg3 42. Rd7+ Bg7 43. R7d3 Qxg2# 0-1

[Event "December 5 Early 2023"]
[Site "https://www.chess.com"]
[Date "2023.12.05"]
[Round "4"]
[White "Burmakin, Evgeniy"]
[Black "Reinecke, Katharina"]
[Result "1-0"]
[Board "194"]
[TimeControl "180+1"]
[WhiteFideId "4163729"]
[BlackFideId "12929727"]
[WhiteElo "2436"]
[BlackElo "2026"]
[WhiteTeam "RUS"]
[BlackTeam "GER"]
[WhiteClock "0:00:10"]
[BlackClock "0:00:03"]

1. e4 c6 2. Nc3 d5 3. Nf3 Bg4 4. d4 e6 5. Bd3 dxe4 6. Nxe4 Nf6 7. c3 Nbd7 8. Nxf6+ Nxf6 9. h3 Bxf3 10. Qxf3 Be7 11. Bd2 Qd7 12. O-O-O O-O-O 13. Bf4 Bd6 14. Bg5 Be7 15. Kb1 h6 16. Bc1 Bd6 17. g4 Qc7 18. Rhe1 Nd5 19. Bc2 Nf4 20. h4 g5 21. Re4 Kb8 22. c4 c5 23. dxc5 Bxc5 24. Bxf4 gxf4 25. Rxf4 Rxd1+ 26. Bxd1 Rd8 27. Bc2 Rd7 28. a3 Bd4 29. g5 hxg5 30. hxg5 e5 31. Rf5 Qb6 32. Qb3 Qxb3 33. Bxb3 Kc7 34. Kc2 Kd6 35. c5+ Kxc5 36. Bxf7 Re7 37. g6 Kd6 38. g7 Rc7+ 39. Kb1 Rxf7 40. Rxf7 1-0

[Event "December 5 Early 2023"]
[Site "https://www.chess.com"]
[Date "2023.12.05"]
[Round "4"]
[White "Rosh Jain"]
[Black "Abdilkhair, Abilmansur"]
[Result "0-1"]
[Board "195"]
[TimeControl "180+1"]
[WhiteFideId "25789465"]
[BlackFideId "13716417"]
[WhiteElo "2434"]
[BlackElo "1781"]
[WhiteTeam "IND"]
[BlackTeam "KAZ"]
[WhiteClock "0:01:28"]
[BlackClock "0:00:54"]

1. e4 c5 2. Nc3 a6 3. Nge2 b5 4. g3 Bb7 5. Bg2 b4 6. Nd5 e6 7. Ne3 Nf6 8. O-O Bxe4 9. d4 Bxg2 10. Nxg2 d5 11. c3 bxc3 12. bxc3 Be7 13. dxc5 Bxc5 14. Bg5 O-O 15. Be3 Nbd7 16. Nef4 Rc8 17. Qd3 Ne4 18. c4 Ne5 19. Qe2 Nxc4 20. Bxc5 Rxc5 21. Rac1 Qc7 22. Nd3 Rb5 23. Ne3 Ned6 24. Ne5 Rc8 25. Rfd1 g6 26. N3xc4 Nxc4 27. Nxc4 dxc4 28. Rd4 Rc5 29. Rc3 a5 30. h4 h5 31. Re4 Kg7 32. Qe3 Rd5 33. Qe2 Rc5 34. Qe3 e5 35. Kg2 f5 36. Rexc4 Rxc4 37. Rxc4 Qxc4 38. Qxe5+ Kf7 39. Qd6 Qc6+ 0-1

[Event "December 5 Early 2023"]
[Site "https://www.chess.com"]
[Date "2023.12.05"]
[Round "4"]
[White "Napoli, Nicolo"]
[Black "Villabrille, Roberto"]
[Result "1/2-1/2"]
[Board "196"]
[TimeControl "180+1"]
[WhiteFideId "813702"]
[BlackFideId "103942"]
[WhiteElo "2337"]
[BlackElo "1756"]
[WhiteTeam "ITA"]
[BlackTeam "ARG"]
[WhiteClock "0:00:08"]
[BlackClock "0:00:09"]

1. e4 d5 2. exd5 Qxd5 3. Nc3 Qd6 4. d4 Nf6 5. Nf3 Bg4 6. Be2 Nc6 7. O-O O-O-O 8. Nb5 Qd7 9. c3 a6 10. Na3 e6 11. Nc4 Bd6 12. Be3 Nd5 13. Qd2 h5 14. a4 a5 15. Nfe5 Bxe5 16. Nxe5 Nxe5 17. dxe5 Nxe3 18. Qxe3 Bxe2 19. Qxe2 Qd3 20. Rfe1 Qxe2 21. Rxe2 Rd5 22. Kf1 Rhd8 23. Ke1 Rd3 24. Rb1 R3d7 25. b4 Rd5 26. c4 Rd4 27. bxa5 Rxc4 28. Reb2 b6 29. axb6 cxb6 30. Rxb6 Rxa4 31. Rb8+ Kd7 32. R1b7+ Kc6 33. Rb6+ Kc5 34. Rb5+ Kc4 35. Rxd8 Kxb5 36. Rd7 Re4+ 37. Kf1 Rxe5 38. Rxf7 Rg5 39. Rd7 Kc5 40. g3 Kc6 41. Rd8 g6 42. Rc8+ Kd7 43. Rc1 Rd5 44. Kg2 Kd6 45. Ra1 Ke5 46. Ra7 Kf5 47. Rf7+ Ke5 48. h4 Rd2 49. Kf3 Rd3+ 50. Ke2 Rc3 51. Rf8 Rc2+ 52. Kf3 Rc3+ 53. Kg2 Rc2 54. Rf3 Ke4 55. Re3+ Kf5 56. Rf3+ Ke5 57. Rf4 Rc3 58. Kh3 Rc2 59. Kg2 Rc3 60. f3 Rc2+ 61. Kh3 Rf2 62. Re4+ Kf6 63. Rf4+ Ke5 64. Re4+ Kf6 65. g4 Rxf3+ 66. Kg2 hxg4 67. Rxg4 Rf5 68. Rg3 e5 69. Re3 Ke6 70. Kg3 Kd5 71. Ra3 Rf6 72. Ra5+ Kd4 73. Ra4+ Kd5 74. Ra5+ Ke6 75. Ra6+ Kf5 76. Ra4 e4 77. Ra5+ Ke6 78. Ra6+ Ke5 79. Ra5+ Kd4 80. Ra4+ Kd3 81. Ra3+ Ke2 82. Ra2+ Ke3 83. Ra3+ Kd2 84. Ra4 e3 85. Ra2+ Kd3 86. Ra3+ Ke2 87. Ra2+ Kf1 88. Ra1+ Ke2 89. Ra2+ Kd3 90. Ra3+ Kd2 91. Ra2+ Kc3 92. Ra3+ Kd2 93. Ra2+ 1/2-1/2